 Dungeon Crawl Stone Soup version 0.22.0 (webtiles) character file.

419262 Gunterle the Eternal Night (level 23, -4/169 HPs)
             Began as an Octopode Fighter on Aug 6, 2018.
             Was the Champion of Dithmenos.
             Killed from afar by a tengu reaver (20 damage)
             ... with a bolt of acid
             ... led by Sojobo
             ... while paralysed by a floating eye
             ... on level 2 of the Depths on Aug 10, 2018.
             The game lasted 09:13:45 (70966 turns).

Gunterle the Eternal Night (Octopode Fighter)      Turns: 70966, Time: 09:13:48

Health: -4/169     AC:  3    Str: 21    XL:     23   Next: 67%
Magic:  45/45      EV:  2    Int: 15    God:    Dithmenos [******]
Gold:   306        SH:  0    Dex: 22    Spells: 30/38 levels left

rFire    + . .     SeeInvis +   I - +9 scimitar (protect)
rCold    + . .     Gourm    .   e - +5 large shield {reflect}
rNeg     + + +     Faith    .   M - +2 hat
rPois    +         Spirit   .   j - amulet of the Four Winds {rN+ MR+++ Clar}
rElec    +         Reflect  +   G - ring of see invisible
rCorr    +         Harm     .   h - ring of the Evening {rC+ rN+ MP+9 Str+3 Slay+2}
MR       ++++.     Clarity  +   W - ring "Zarux" {rPois Str+3 Slay+6}
Stlth    +++++++...             X - ring of positive energy
HPRegen  0.38/turn              t - ring of Tytodoz {+Fly rF+ Dex+3}
MPRegen  0.29/turn              J - ring of Fufeng {rCorr rElec Int+2 Slay+3}
                                Y - ring of Phasing {EV+8}
                                L - ring "Pivemi" {+Blink rElec Slay+5}

@: paralysed, studying Dodging
A: almost no armour, stealthy swim, amphibious, 8 rings, constrict 8, camouflage
1, gelatinous body 1
}: 2/15 runes: barnacled, gossamer
a: Shadow Step, Shadow Form, Renounce Religion, Evoke Blink, Evoke Flight


You were on level 2 of the Depths.
You worshipped Dithmenos.
Dithmenos was exalted by your worship.
You were very full.

You visited 9 branches of the dungeon, and saw 41 of its levels.
You also visited: Labyrinth, Trove, Ossuary, Bailey, Ice Cave and Volcano.

You collected 6600 gold pieces.
You spent 6294 gold pieces at shops.

Inventory:

Hand Weapons
 b - the +6 dagger of Tortfeasance {protect, +Rage rPois Stlth+}
   (You found it on level 5 of the Dungeon)

   It protects the one who uses it against injury (+AC on strike).
   It protects you from poison.
   It lets you go berserk.
   It makes you more stealthy.
 l - the +4 long sword of Ancient Evil {holy, rN+ Dex+2}
   (You found it on level 5 of the Dungeon)

   It has been blessed by the Shining One to cause great damage to the undead
   and demons.
   It affects your dexterity (+2).
   It protects you from negative energy.
 x - the +5 hunting sling "Nen Kuh" {velocity, MP+9 Dex+3}
   (You found it on level 1 of the Depths)

   Any stone fired from it inflicts extra damage.
   It affects your dexterity (+3).
   It affects your magic capacity (+9).
 I - a +9 scimitar of protection (weapon)
Missiles
 z - 195 sling bullets
Armour
 e - a +5 large shield of reflection (worn)
 M - a +2 hat (worn)
Jewellery
 a - an uncursed ring of flight
 h - the ring of the Evening (right tentacle) {rC+ rN+ MP+9 Str+3 Slay+2}
   (You found it in a treasure trove)

   [ring of strength]

   It affects your strength (+3).
   It affects your accuracy and damage with ranged weapons and melee attacks
   (+2).
   It protects you from cold.
   It protects you from negative energy.
   It affects your magic capacity (+9).
 j - the amulet of the Four Winds (around mantle) {rN+ MR+++ Clar}
   (You bought it in a shop on level 15 of the Dungeon)

   [amulet of nothing]

   It protects you from negative energy.
   It affects your resistance to hostile enchantments.
   It protects you against confusion.
 n - an uncursed ring of resist corrosion
 q - the amulet "Qaetu" {Gourm MR++ Str+3 Dex-2 Slay+3}
   (You found it on level 6 of the Lair of Beasts)

   [amulet of the gourmand]

   It allows you to eat raw meat even when not hungry.
   It affects your strength (+3).
   It affects your dexterity (-2).
   It affects your accuracy and damage with ranged weapons and melee attacks
   (+3).
   It affects your resistance to hostile enchantments.
 t - the ring of Tytodoz (on tentacle) {+Fly rF+ Dex+3}
   (You found it in a treasure trove)

   [ring of flight]

   It affects your dexterity (+3).
   It protects you from fire.
   It lets you fly.
 u - an uncursed ring of protection from fire
 y - an uncursed ring of protection from cold
 C - an uncursed ring of resist corrosion
 D - an uncursed ring of protection from magic
 E - an uncursed ring of protection from cold
 G - a ring of see invisible (left tentacle)
 J - the ring of Fufeng (on tentacle) {rCorr rElec Int+2 Slay+3}
   (You took it off a deep elf demonologist on level 3 of the Elven Halls)

   [ring of resist corrosion]

   It affects your intelligence (+2).
   It affects your accuracy and damage with ranged weapons and melee attacks
   (+3).
   It insulates you from electricity.
 L - the ring "Pivemi" (on tentacle) {+Blink rElec Slay+5}
   (You found it in a treasure trove)

   [ring of slaying]

   It affects your accuracy and damage with ranged weapons and melee attacks
   (+5).
   It insulates you from electricity.
   It lets you blink.
 V - the ring "Bofi" {+Fly rF+ rN+ MR- Int+2}
   (You bought it in a shop on level 12 of the Dungeon)

   [ring of protection from fire]

   It affects your intelligence (+2).
   It protects you from fire.
   It protects you from negative energy.
   It affects your resistance to hostile enchantments.
   It lets you fly.
 W - the ring "Zarux" (on tentacle) {rPois Str+3 Slay+6}
   (You found it in a treasure trove)

   [ring of slaying]

   It affects your strength (+3).
   It affects your accuracy and damage with ranged weapons and melee attacks
   (+6).
   It protects you from poison.
 X - a ring of positive energy (on tentacle)
 Y - the ring of Phasing (on tentacle) {EV+8}
   (You found it on level 4 of the Shoals)

   [ring of evasion]

   It affects your evasion (+8).
 Z - an uncursed ring of resist corrosion
Wands
 K - a wand of digging (6)
Scrolls
 f - 3 scrolls of fog
 i - 5 scrolls of magic mapping
 k - 5 scrolls of fear
 r - 5 scrolls of teleportation
 A - a scroll of silence
 B - 16 scrolls of identify
 F - 20 scrolls of remove curse
 H - 3 scrolls of blinking
 O - 2 scrolls of enchant weapon
 R - a scroll of summoning
Potions
 g - 2 potions of agility
 m - 9 potions of flight
 o - 4 potions of cancellation
 p - 3 potions of might
 s - 15 potions of curing
 v - a potion of brilliance
 N - 3 potions of haste
 T - 3 potions of resistance
 U - 2 potions of heal wounds
Books
 w - a manual of Dodging
Comestibles
 d - 60 rations


   Skills:
 + Level 17.3 Fighting
 - Level 3.4(11.2) Short Blades
 - Level 15.8(16.0) Long Blades
 + Level 6.8 Slings
 + Level 17.5 Dodging
 - Level 12.4 Stealth
 * Level 16.4 Shields
 - Level 8.1 Spellcasting
 - Level 8.8 Transmutations
 - Level 4.2 Air Magic
 - Level 7.5 Earth Magic
 + Level 18.1 Invocations


You had 30 spell levels left.
You knew the following spells:

 Your Spells              Type           Power        Failure   Level  Hunger
a - Swiftness             Chrm/Air       ##......     22%         2    None
b - Statue Form           Tmut/Erth      ####.....    88%         6    #######

Your spell library contained the following spells:

 Spells                   Type           Power        Failure   Level  Hunger
 Magic Dart               Conj           #...         34%         1    None
 Fireball                 Conj/Fire      #.........   100%        5    #####..
 Bolt of Fire             Conj/Fire      #.........   100%        6    #######
 Lightning Bolt           Conj/Air       ##........   99%         5    #####..
 Bolt of Magma            Conj/Fire/Erth ##........   98%         5    #####..
 Confuse                  Hex            #.......     71%         3    ##.....
 Mephitic Cloud           Conj/Pois/Air  ##......     52%         3    ##.....
 Ring of Flames           Chrm/Fire      #.........   100%        7    #######
 Venom Bolt               Conj/Pois      #.........   100%        5    #####..
 Summon Small Mammal      Summ           #...         34%         1    None
 Iskenderun's Mystic Bla  Conj           #.......     98%         4    ####...
 Animate Dead             Necr           N/A          98%         4    ####...
 Summon Ice Beast         Ice/Summ       #.......     98%         4    ####...
 Call Imp                 Summ           #.......     47%         2    None
 Tukima's Dance           Hex            #.......     71%         3    ##.....
 Iron Shot                Conj/Erth      ###.......   100%        6    #######
 Stone Arrow              Conj/Erth      ###...       22%         3    ##.....
 Shock                    Conj/Air       ##..         14%         1    None
 Recall                   Summ/Tloc      N/A          71%         3    ##.....
 Blade Hands              Tmut           ####......   26%         5    #####..
 Ice Form                 Ice/Tmut       ###.....     50%         4    ####...
 Death Channel            Necr           #.........   100%        6    #######
 Airstrike                Air            ###.......   52%         4    ####...
 Confusing Touch          Hex            #.....       34%         1    None
 Passwall                 Tmut/Erth      ####....     1%          2    None
 Ignite Poison            Fire/Tmut/Pois ##......     32%         3    ##.....
 Call Canine Familiar     Summ           #.......     71%         3    ##.....
 Ensorcelled Hibernation  Hex/Ice        #.....       47%         2    None
 Metabolic Englaciation   Hex/Ice        #.........   100%        5    #####..
 Shatter                  Erth           ####......   100%        9    #######
 Static Discharge         Conj/Air       ##......     41%         3    ##.....
 Corona                   Hex            #......      34%         1    None
 Alistair's Intoxication  Tmut/Pois      ###.....     85%         5    #####..
 Lee's Rapid Deconstruct  Erth           ####......   41%         5    #####..
 Sandblast                Erth           ####..       1%          1    None
 Simulacrum               Ice/Necr       #.........   100%        6    #######
 Petrify                  Tmut/Erth      ####....     12%         4    ####...
 Orb of Destruction       Conj           #.........   100%        7    #######
 Leda's Liquefaction      Hex/Erth       ###.......   58%         4    ####...
 Iskenderun's Battlesphe  Conj/Chrm      #.......     100%        5    #####..
 Fulminant Prism          Conj/Hex       #.........   98%         4    ####...
 Dazzling Spray           Conj/Hex       #.....       71%         3    ##.....
 Force Lance              Conj/Tloc      #.......     98%         4    ####...
 Searing Ray              Conj           #.....       47%         2    None
 Summon Lightning Spire   Summ/Air       ##......     82%         4    ####...
 Summon Guardian Golem    Hex/Summ       #.......     71%         3    ##.....
 Spellforged Servitor     Conj/Summ      #.........   100%        7    #######
 Gell's Gravitas          Tloc           #.........   71%         3    ##.....
 Yara's Violent Unravell  Hex/Tmut       ###.......   85%         5    #####..
 Ignition                 Fire           #.........   100%        8    #######
 Borgnjor's Vile Clutch   Necr/Erth      ###.......   91%         5    #####..


Dungeon Overview and Level Annotations

Branches:
Dungeon (15/15)            Temple (1/1) D:5            Lair (6/6) D:9
 Shoals (4/4) Lair:3       Spider (4/4) Lair:2        Slime (0/5) Lair:5
    Orc (2/2) D:12            Elf (3/3) Orc:2        Vaults (4/5) D:14
  Crypt (0/3) Vaults:3     Depths (2/5) D:15

Altars:
Ashenzari
Cheibriados
Dithmenos
Elyvilon
Fedhas
Gozag
Hepliaklqana
Kikubaaqudgha
Makhleb
Nemelex Xobeh
Okawaru
Qazlal
Ru
Sif Muna
Trog
Uskayaw
Vehumet
Wu Jian
Xom
Yredelemnul
Zin
The Shining One

Shops:
D:5 =   D:9 [   D:11 (   D:12 *}=!%   D:13 !   D:15 *   Orc:2 ([%(
Elf:2 *([}:   Elf:3 (}?   Shoals:1 (   Shoals:3 ?   Vaults:2 (

Portals:
Hell: Depths:1
Abyss: Depths:1
Ziggurat: Depths:2

Annotations:
Lair:4 exclusion: 2 oklob plants


Innate Abilities, Weirdness & Mutations

You cannot wear most types of armour.
You are very stealthy in the water. (Stealth+)
You are amphibious.
You can wear up to eight rings at the same time.
You can use your tentacles to constrict eight enemies at once.
Your skin changes colour to match your surroundings (Stealth+).
Your rubbery body absorbs attacks. (AC +1, EV +1)


Message History

The white ugly thing dissolves into shadows!
The white very ugly thing dissolves into shadows!
The white ugly thing dissolves into shadows!
The tengu reaver completely misses you. The tengu reaver pecks you.
The tengu reaver claws you but does no damage.
The white very ugly thing kicks you. The white very ugly thing freezes you!!
You resist. The fire dragon bites you! The fire dragon claws you.
The fire dragon tramples you!
You are shoved backwards!
You stop ascending the stairs.
The stone giant throws a large rock.
The large rock hits you!!!
* * * LOW HITPOINT WARNING * * *
A stone giant comes into view.
The rakshasa weaves an illusion.
The fire dragon shimmers and seems to become two!
The great orb of eyes bites you!
* * * LOW HITPOINT WARNING * * *
The tengu reaver gestures at you while chanting.
The bolt of acid hits you! You resist.
You die...

$....≈≈≈≈≈≈...
..C..≈≈≈.....
.....≈≈≈....
.......≈...
....(..≈.. .
.....C... ..
.R....[.## #.###
......G@.#......
......GQDu......
......iGD(#.....
.......ic###...>
........##A##...
.....ii##.∩.##..
........##)##...
.....?...###....
#####....#.....


You could see an angel, a white very ugly thing, 2 fire dragons, 2 stone giants,
a tengu reaver, a great orb of eyes, a rakshasa, 2 spriggan riders, a glowing
orange brain, a centaur warrior, a spriggan berserker, a spriggan air mage and a
floating eye.

Vanquished Creatures
  Mara (Vaults:4)
  Sojobo (Depths:2)
  The ghost of Ijoqelury the Executioner, a veteran MiBe of Trog (Depths:1)
  Nikola (Elf:1)
  A tentacled monstrosity (Depths:1)
  5 deep elf master archers (Elf:3)
  2 liches
  5 deep elf blademasters (Elf:3)
  A kraken (Shoals:1)
  Polyphemus (Shoals:2)
  2 sphinxes
  2 storm dragons (Vaults:4)
  2 tengu reavers (Depths:1)
  3 frost giants
  Ilsuiw (Shoals:4)
  4 fire giants
  11 vault wardens
  4 deep elf sorcerers
  6 ghost moths
  4 emperor scorpions
  A curse skull (Vaults:3)
  Louise (Spider:1)
  A ghoul (Vaults:3)
  10 ironheart preservers
  4 deep elf elementalists
  5 very ugly things
  6 entropy weavers
  5 stone giants
  6 deep elf demonologists
  8 deep elf annihilators
  A minotaur (Lab)
  8 spark wasps
  4 ettins
  Snorg (Lair:3)
  5 merfolk javelineers
  4 deep elf death magi
  12 merfolk impalers
  A crystal guardian (Vaults:4)
  5 great orbs of eyes
  4 fire dragons
  3 deep elf high priests
  7 yaktaur captains
  2 rakshasas
  Fannar (D:10)
  4 ice dragons
  7 vault guards
  3 hydras
  A spriggan air mage (Depths:1)
  9 centaur warriors
  2 merfolk avatars
  13 ogre magi
  5 catoblepae
  3 death knights
  42 two-headed ogres
  33 dancing weapons
  A satyr (Shoals:2)
  An alligator (shapeshifter) (Elf:1)
  27 death yaks
  5 merfolk aquamancers (Shoals:4)
  4 deep troll earth magi
  3 deep troll shamans (Vaults:4)
  2 tengu warriors
  2 orc high priests
  Urug (Lair:4)
  18 deep elf knights
  Sonja (Lair:6)
  A hell knight (D:15)
  A shadow wraith (Vaults:1)
  12 deep trolls
  6 skeletal warriors
  10 small abominations
  A wizard (Vaults:2)
  19 sea snakes
  7 unseen horrors
  A glowing orange brain (Depths:1)
  A phantasmal warrior (Vaults:4)
  14 orc knights
  21 orb spiders
  13 ironbrand convokers
  16 deep elf archers
  18 harpies
  28 wolf spiders
  39 ugly things
  17 fauns
  67 deep elf magi
  A salamander (shapeshifter) (Depths:1)
  2 orc sorcerers
  8 cyclopes
  19 manticores
  5 elephants (Lair:4)
  3 black mambas
  A centaur zombie (D:15)
  10 vault sentinels
  9 merfolk sirens
  9 water nymphs
  A guardian serpent (D:9)
  2 ice statues (IceCv)
  2 torpor snails (Lair:4)
  5 centaur skeletons
  2 gargoyles (D:11)
  6 spiny frogs
  A minotaur zombie (Lab)
  6 rime drakes
  17 demonic crawlers
  4 komodo dragons
  A redback zombie (D:14)
  50 yaktaurs
  A yaktaur (shapeshifter) (Vaults:4)
  A tengu conjurer (Depths:1)
  3 efreet
  11 freezing wraiths
  A meliai (D:12)
  11 trolls
  12 wind drakes
  A jumping spider (shapeshifter) (D:13)
  A polar bear (Lair:5)
  2 tyrant leeches (Lair:4)
  28 merfolk
  A queen bee (shapeshifter) (Vaults:1)
  6 hornets
  30 jumping spiders
  16 slime creatures
  24 blink frogs
  7 snapping turtles
  15 hippogriffs
  6 dream sheep
  4 large abominations (Depths:1)
  A meliai zombie (D:14)
  A frost giant simulacrum (Vaults:3)
  Sigmund (D:3)
  10 water elementals
  2 vampires
  2 shadows
  3 air elementals
  94 redbacks
  22 tarantellas
  2 wraiths
  4 wyverns
  2 basilisks (shapeshifter)
  63 yaks
  A spriggan (shapeshifter) (Vaults:4)
  2 tarantellas (shapeshifter)
  A basilisk (Lair:4)
  3 fire bats (Lair:2)
  A golden eye (shapeshifter) (D:14)
  10 fire elementals
  2 vampire mosquitoes (D:14)
  3 hungry ghosts
  A chaos spawn (Depths:1)
  Menkaure (D:5)
  2 wargs
  An acid dragon (D:12)
  6 swamp worms
  6 water moccasins
  7 porcupines
  3 sky beasts
  19 ice beasts
  52 orc warriors
  19 ogres
  3 black bears
  4 phantoms
  2 necrophages
  4 boggarts
  12 crocodiles
  30 centaurs
  A big kobold (D:7)
  A deep troll simulacrum (Vaults:3)
  12 bullfrogs
  An earth elemental (Elf:1)
  A wyvern skeleton (D:12)
  4 scorpions
  5 killer bees (D:11)
  7 wights
  8 howler monkeys
  3 electric eels
  10 crimson imps
  6 hounds
  A human zombie (D:10)
  3 bullfrog zombies
  3 bullfrog skeletons
  5 jellies
  Crazy Yiuf (D:3)
  A gnoll shaman (D:10)
  13 orc priests
  Ijyb (D:3)
  19 orc wizards
  4 iguanas
  A human skeleton (D:10)
  7 worker ants
  Natasha (thrice) (D:2)
  6 hell rats
  A hound zombie (D:5)
  13 mummies (Ossuary)
  A worker ant zombie (D:6)
  3 gnolls (D:10)
  12 adders
  A shadow imp (D:12)
  3 oozes
  An adder zombie (D:5)
  A worm (D:5)
  2 dart slugs
  4 leopard geckos
  134 orcs
  2 ball pythons
  4 giant cockroaches
  6 hobgoblins
  8 jackals
  10 kobolds
  5 quokkas
  3 bats
  A frilled lizard (D:2)
  2 gnoll skeletons (Ossuary)
  3 goblins
  A jackal skeleton (D:4)
  2 jackal zombies (D:10)
  2 kobold skeletons (Ossuary)
  A leopard gecko skeleton (D:9)
  4 orc skeletons (Ossuary)
  2 quokka skeletons
  3 rats
  11 rat skeletons (Ossuary)
  3 fire vortices (Volcano)
  A plant (Lair:6)
1766 creatures vanquished.

Vanquished Creatures (others)
  A deep elf annihilator (Elf:3)
  2 merfolk javelineers (Shoals:4)
  2 satyrs
  A small abomination (Elf:3)
  2 yaktaurs
  An air elemental (Elf:1)
  A tarantella (Spider:4)
  A human (D:10)
  An orc wizard (Elf:1)
  An orc (D:9)
  A crawling corpse (Elf:3)
  14 fungi
  52 plants
80 creatures vanquished.

Grand Total: 1846 creatures vanquished

Notes
Turn   | Place    | Note
-------+----------+-------------------------------------------
     0 | D:1      | Gunterle the Octopode Fighter began the quest for the Orb.
     0 | D:1      | Reached XP level 1. HP: 16/16 MP: 1/1
   385 | D:1      | Reached XP level 2. HP: 21/21 MP: 2/2
   951 | D:2      | Found an ornate altar of the Wu Jian Council.
   993 | D:2      | Reached skill level 1 in Stealth
   998 | D:2      | Reached XP level 3. HP: 22/26 MP: 3/3
  1089 | D:2      | Noticed Natasha
  1091 | D:2      | You fall through a shaft for 2 floors!
  1158 | D:4      | Found a radiant altar of Vehumet.
  1706 | D:2      | Killed Natasha
  1706 | D:2      | Reached XP level 4. HP: 12/31 MP: 2/4
  1848 | D:2      | Noticed Natasha
  1856 | D:2      | Killed Natasha
  1948 | D:2      | Noticed Natasha
  1956 | D:2      | Killed Natasha
  1956 | D:2      | Reached XP level 5. HP: 36/36 MP: 5/5
  2192 | D:3      | Noticed Ijyb
  2205 | D:3      | Killed Ijyb
  2493 | D:3      | Noticed Sigmund
  2496 | D:3      | Killed Sigmund
  2496 | D:3      | Reached XP level 6. HP: 43/43 MP: 6/6
  2602 | D:3      | Found a runed door.
  2769 | D:3      | Noticed Crazy Yiuf
  2773 | D:3      | Killed Crazy Yiuf
  3438 | D:5      | Entered Level 5 of the Dungeon
  3507 | D:5      | Reached XP level 7. HP: 37/48 MP: 7/7
  3660 | D:5      | Noticed a hungry ghost
  3666 | D:5      | Killed a hungry ghost
  3712 | D:5      | Reached skill level 5 in Long Blades
  3753 | D:5      | Noticed Menkaure
  3760 | D:5      | Killed Menkaure
  3850 | D:5      | Found a hazy altar of Hepliaklqana.
  3861 | D:5      | Got a brightly glowing long sword
  3862 | D:5      | Identified the +4 long sword of Ancient Evil {holy, rN+ Dex+2} (You found it on level 5 of the Dungeon)
  3902 | D:5      | Found a shimmering altar of Xom.
  4078 | D:5      | Found a staircase to the Ecumenical Temple.
  4088 | D:5      | Got a polished dagger
  4089 | D:5      | Identified the +6 dagger of Tortfeasance {protect, +Rage rPois Stlth+} (You found it on level 5 of the Dungeon)
  4098 | Temple   | Entered the Ecumenical Temple
  4253 | Temple   | Became a worshipper of Dithmenos the Shadowed
  4304 | D:5      | Reached XP level 8. HP: 54/54 MP: 8/8
  4367 | D:5      | Found a radiant altar of Vehumet.
  4368 | D:5      | Found a deep blue altar of Sif Muna.
  4368 | D:5      | Found a glowing golden altar of the Shining One.
  4488 | D:5      | Reached skill level 1 in Invocations
  4628 | D:5      | Found Oqy Do Imi's Jewellery Boutique.
  4633 | D:5      | Bought an uncursed ring of see invisible for 210 gold pieces
  4882 | D:6      | Reached skill level 5 in Shields
  5004 | D:6      | Reached skill level 5 in Dodging
  5004 | D:6      | Reached skill level 2 in Invocations
  5020 | D:6      | Reached skill level 5 in Fighting
  5144 | D:6      | Reached XP level 9. HP: 60/61 MP: 9/11
  5307 | D:6      | Reached skill level 3 in Invocations
  5718 | D:7      | Reached * piety under Dithmenos
  5972 | D:8      | Found a sand-covered staircase.
  5992 | Ossuary  | Entered an ossuary
  6124 | Ossuary  | Reached ** piety under Dithmenos
  6852 | D:9      | Reached skill level 4 in Invocations
  6927 | D:9      | Found a staircase to the Lair.
  6956 | D:9      | Found a flagged portal.
  6988 | Bailey   | Entered a bailey
  7149 | Bailey   | Reached *** piety under Dithmenos
  7231 | Bailey   | Reached XP level 10. HP: 68/68 MP: 13/13
  7338 | Bailey   | Noticed an orc knight
  7355 | Bailey   | Noticed an orc knight
  7357 | Bailey   | Killed an orc knight
  7358 | Bailey   | Noticed an orc knight
  7395 | Bailey   | Killed an orc knight
  7395 | Bailey   | Reached skill level 5 in Invocations
  7401 | Bailey   | Killed an orc knight
  7850 | D:9      | Found Hayset's Armour Shoppe.
  8126 | D:9      | Noticed a guardian serpent
  8154 | D:9      | Killed a guardian serpent
  8478 | D:9      | Reached skill level 6 in Invocations
  8478 | D:9      | Reached XP level 11. HP: 51/75 MP: 10/15
  8506 | D:9      | Reached skill level 10 in Long Blades
  8870 | D:10     | Entered Level 10 of the Dungeon
  8942 | D:10     | Noticed an unseen horror
  8965 | D:9      | Killed an unseen horror
  9194 | D:10     | Reached **** piety under Dithmenos
  9352 | D:10     | Found a runed door.
  9356 | D:10     | Found a basalt altar of Yredelemnul.
  9785 | D:10     | Noticed Fannar
  9803 | D:10     | Killed Fannar
  9803 | D:10     | Reached skill level 7 in Invocations
  9932 | D:10     | Noticed a two-headed ogre
  9945 | D:10     | Killed a two-headed ogre
 10167 | D:11     | Noticed a two-headed ogre
 10171 | D:11     | Killed a two-headed ogre
 10394 | D:11     | Reached XP level 12. HP: 83/83 MP: 17/17
 10995 | D:11     | Noticed a two-headed ogre
 10997 | D:11     | Killed a two-headed ogre
 11473 | D:11     | Reached skill level 8 in Invocations
 11559 | D:11     | Found Dead Kuh's Weapon Boutique.
 11931 | D:5      | Bought a +1 ring of protection for 42 gold pieces
 11931 | D:5      | Bought an uncursed ring of protection from magic for 350 gold pieces
 12117 | D:12     | Found Gawn's Distillery.
 12138 | D:12     | Bought a potion of lignification for 39 gold pieces
 12501 | D:11     | Reached ***** piety under Dithmenos
 12778 | D:12     | Found Jokin's Food Emporium.
 12843 | D:12     | Found Patz's Jewellery Shoppe.
 12903 | D:12     | Found Dekyenu's Assorted Antiques.
 12915 | D:12     | Bought a scroll of identify for 60 gold pieces
 12941 | D:12     | Found a staircase to the Orcish Mines.
 13111 | D:12     | Found Techere's Gadget Shoppe.
 13290 | D:12     | Noticed a death knight
 13305 | D:12     | Killed a death knight
 13315 | D:12     | Reached XP level 13. HP: 59/90 MP: 5/19
 13500 | D:12     | Noticed a great orb of eyes
 13508 | D:12     | Paralysed by a great orb of eyes for 3 turns
 13514 | D:12     | Killed a great orb of eyes
 13805 | Orc:1    | Entered Level 1 of the Orcish Mines
 13943 | Orc:1    | Reached skill level 9 in Invocations
 14645 | Orc:2    | Entered Level 2 of the Orcish Mines
 15691 | Orc:2    | Reached skill level 10 in Dodging
 16043 | Orc:2    | Reached skill level 10 in Shields
 16144 | Orc:2    | Found a staircase to the Elven Halls.
 16579 | Orc:2    | Found Efurphiu's Antique Weapon Boutique.
 16580 | Orc:2    | Found Uquassup's Antique Armour Emporium.
 16580 | Orc:2    | Found Kamojaep's Food Shop.
 16583 | Orc:2    | Found Ynumiom's Antique Weapon Shoppe.
 16608 | Orc:2    | Bought a runed shield for 142 gold pieces
 17089 | D:12     | Bought the ring of Ranasesk {rPois MP+9 Str+3} for 450 gold pieces
 17090 | D:12     | Bought a +1 ring of protection for 36 gold pieces
 17304 | D:5      | Bought an uncursed ring of fire for 350 gold pieces
 17664 | D:12     | Bought a potion of brilliance for 52 gold pieces
 17664 | D:12     | Bought a potion of agility for 52 gold pieces
 17694 | D:13     | Reached skill level 10 in Fighting
 17741 | D:13     | Found Loloty's Distillery.
 18305 | D:14     | Noticed a vault guard
 18324 | D:14     | Killed a vault guard
 18361 | D:14     | Noticed a fire dragon
 18367 | D:13     | Reached XP level 14. HP: 76/99 MP: 11/21
 18369 | D:13     | Reached skill level 10 in Invocations
 18464 | D:14     | You fall through a shaft!
 18464 | D:15     | Entered Level 15 of the Dungeon
 18509 | D:15     | Found a labyrinth entrance.
 18514 | Lab      | Entered a labyrinth
 19379 | Lab      | Got a pair of scorched boots
 19679 | D:15     | Found Datux's Assorted Antiques.
 20465 | D:14     | Found a gate to the Vaults.
 20558 | D:14     | Reached skill level 5 in Stealth
 20644 | D:14     | Reached skill level 1 in Short Blades
 20646 | D:14     | Reached ****** piety under Dithmenos
 21517 | D:15     | Found a staircase to the Depths.
 21854 | Lair:1   | Entered Level 1 of the Lair of Beasts
 21887 | Lair:1   | Reached skill level 11 in Invocations
 22686 | Lair:2   | Found a dark tunnel.
 22710 | Volcano  | Entered a volcano
 23239 | Lair:2   | Reached XP level 15. HP: 107/107 MP: 23/23
 23425 | Lair:2   | Found a hole to the Spider Nest.
 24081 | Lair:3   | Found a frozen archway.
 24175 | IceCv    | Entered an ice cave
 24176 | IceCv    | Found a transporter.
 24226 | IceCv    | Found a transporter.
 24464 | Lair:3   | Noticed Snorg
 24472 | Lair:3   | Killed Snorg
 24600 | Lair:3   | Found a staircase to the Shoals.
 25832 | Lair:4   | Noticed Urug
 25834 | Lair:4   | Killed Urug
 27786 | Lair:5   | Found a staircase to the Slime Pits.
 27989 | Lair:6   | Entered Level 6 of the Lair of Beasts
 28176 | Lair:5   | Reached skill level 12 in Invocations
 28400 | Lair:6   | Noticed Sonja
 28452 | Lair:6   | Reached XP level 16. HP: 110/114 MP: 25/25
 29279 | Lair:6   | Killed Sonja
 29802 | Lair:6   | Reached skill level 15 in Long Blades
 30123 | Lair:6   | Got a translucent lead ring
 30125 | Lair:6   | Got a glittering emerald amulet
 30128 | Lair:6   | Identified the ring "Rovuolergh" {*Tele rElec rF- rN++ Dex+4} (You found it on level 6 of the Lair of Beasts)
 30129 | Lair:6   | Identified the amulet "Qaetu" {Gourm MR++ Str+3 Dex-2 Slay+3} (You found it on level 6 of the Lair of Beasts)
 31106 | D:12     | Upgraded the game from 0.22-b1-21-g5cfc1688f2 to 0.22-b1-26-g9dbaab1112
 31178 | Elf:1    | Entered Level 1 of the Elven Halls
 31179 | Elf:1    | Found a portal to a secret trove of treasure.
 31643 | Elf:1    | Noticed Nikola
 31696 | Elf:1    | Killed Nikola
 33318 | Elf:1    | Reached XP level 17. HP: 112/121 MP: 26/26
 33328 | Elf:1    | Reached skill level 13 in Invocations
 34746 | D:15     | Bought the amulet of the Four Winds {rN+ MR+++ Clar} for 1360 gold pieces
 34746 | D:15     | Found the amulet of the Four Winds {rN+ MR+++ Clar}
 34834 | D:12     | Bought the ring "Bofi" {+Fly rF+ rN+ MR- Int+2} for 459 gold pieces
 34948 | D:12     | Bought 2 potions of lignification for 78 gold pieces
 34948 | D:12     | Bought a potion of heal wounds for 65 gold pieces
 35223 | Lair:3   | Upgraded the game from 0.22-b1-26-g9dbaab1112 to 0.22-b1-59-g0aedee734a
 35228 | Shoals:1 | Entered Level 1 of the Shoals
 35586 | Shoals:1 | Found Uvvogh's Antique Weapon Emporium.
 35845 | Shoals:1 | Learned a level 2 spell: Swiftness
 36141 | Shoals:1 | Noticed a kraken
 36152 | Shoals:1 | Killed a kraken
 37482 | Shoals:2 | Noticed Polyphemus
 37520 | Shoals:2 | Killed Polyphemus
 38637 | Shoals:3 | Got a twitching golden ring
 38663 | Shoals:3 | Identified the ring "Gomaufu" {Ice rElec Stlth+} (You found it on level 3 of the Shoals)
 39152 | Shoals:3 | Reached skill level 14 in Invocations
 39411 | Shoals:3 | Reached XP level 18. HP: 77/130 MP: 28/28
 39712 | Shoals:3 | Found Nyaqaumn's Magic Scroll Shoppe.
 39752 | Shoals:3 | Bought a scroll of enchant weapon for 120 gold pieces
 40093 | Shoals:4 | Entered Level 4 of the Shoals
 40873 | Shoals:4 | Noticed Ilsuiw
 40903 | Shoals:4 | Killed Ilsuiw
 41892 | Shoals:4 | Got a barnacled rune of Zot
 41974 | Shoals:4 | Learned a level 6 spell: Statue Form
 42138 | Shoals:4 | Found the ring of Phasing {EV+8}
 43795 | Vaults:1 | Entered Level 1 of the Vaults
 43858 | Vaults:1 | Reached skill level 15 in Shields
 44642 | Vaults:1 | Reached skill level 15 in Invocations
 45484 | Vaults:1 | Reached XP level 19. HP: 109/137 MP: 30/30
 46632 | Vaults:1 | Reached skill level 1 in Transmutations
 46632 | Vaults:1 | Reached skill level 1 in Air Magic
 46646 | Vaults:1 | Reached skill level 1 in Spellcasting
 47626 | Vaults:2 | Reached skill level 15 in Fighting
 48200 | Vaults:2 | Reached skill level 15 in Dodging
 48520 | Vaults:2 | Found Fuhoqud's Weapon Boutique.
 48876 | Vaults:2 | Got a jewelled arbalest
 49125 | Vaults:1 | Identified the +5 arbalest of Gediso {velocity, *Slow rN+ Dex+8} (You found it on level 2 of the Vaults)
 50597 | Vaults:3 | HP: 5/312 [vault warden/battleaxe (26)]
 50598 | Vaults:3 | Reached skill level 10 in Stealth
 50598 | Vaults:3 | Reached XP level 20. HP: 5/145 MP: 31/31
 50598 | Vaults:3 | HP: 2/325 [wight/trident[a curse skull] (3)]
 50604 | Vaults:3 | HP: 3/325 [spectral storm dragon[a curse skull] (2)]
 51178 | Vaults:3 | Reached skill level 1 in Earth Magic
 51317 | Vaults:3 | Found a staircase to the Crypt.
 52021 | Vaults:4 | Reached skill level 16 in Invocations
 52074 | Vaults:4 | Reached skill level 5 in Transmutations
 52840 | Vaults:4 | Reached skill level 5 in Spellcasting
 54631 | Vaults:4 | Reached XP level 21. HP: 102/153 MP: 33/33
 55674 | Vaults:4 | Noticed Mara
 55680 | Vaults:4 | Noticed Gunterle's illusion
 55685 | Vaults:4 | Killed Mara
 55685 | Vaults:4 | Reached skill level 5 in Earth Magic
 56426 | Vaults:3 | Upgraded the game from 0.22-b1-59-g0aedee734a to 0.22.0
 56696 | Spider:1 | Entered Level 1 of the Spider Nest
 56940 | Spider:1 | Noticed Louise
 56945 | Spider:1 | Killed Louise
 57515 | Spider:2 | Reached skill level 1 in Slings
 60940 | Spider:4 | Entered Level 4 of the Spider Nest
 61048 | Spider:4 | Reached skill level 17 in Invocations
 61144 | Spider:4 | Reached XP level 22. HP: 161/161 MP: 34/34
 62284 | Spider:4 | Got a gossamer rune of Zot
 64166 | Elf:1    | You paid a toll of a +8 demon trident to enter a treasure trove
 64167 | Trove    | Entered a treasure trove
 64177 | Trove    | Got a steaming tin ring
 64183 | Trove    | Got a crude granite ring
 64185 | Trove    | Got a wavering bone ring
 64187 | Trove    | Got a shimmering gossamer ring
 64193 | Trove    | Got a scintillating tin amulet
 64195 | Trove    | Got a clouded wooden ring
 64210 | Trove    | Identified the ring of the Evening {rC+ rN+ MP+9 Str+3 Slay+2} (You found it in a treasure trove)
 64214 | Trove    | Identified the ring of Tytodoz {+Fly rF+ Dex+3} (You found it in a treasure trove)
 64216 | Trove    | Identified the ring of Fragile Peace {Int+3 Stlth+} (You found it in a treasure trove)
 64218 | Trove    | Identified the ring "Taiskiv" {-Tele +Fly Str+8 Dex+2 Slay+3} (You found it in a treasure trove)
 64220 | Trove    | Identified the amulet "Utuinium" {Harm *Drain Int+2} (You found it in a treasure trove)
 64223 | Trove    | Identified the ring "Pivemi" {+Blink rElec Slay+5} (You found it in a treasure trove)
 64232 | Trove    | Got a flickering marble ring
 64236 | Trove    | Identified the ring "Zarux" {rPois Str+3 Slay+6} (You found it in a treasure trove)
 64528 | Elf:2    | Found Jial's Gadget Shop.
 64529 | Elf:2    | Found Bonie's Antique Armour Shop.
 64529 | Elf:2    | Found Xown's Antique Weapon Boutique.
 64538 | Elf:2    | Found Feinkesa's General Store.
 64555 | Elf:2    | Bought a runed hat for 154 gold pieces
 64840 | Elf:2    | Identified a scroll of acquirement
 64944 | Elf:2    | Found a huge runed gate.
 64944 | Elf:2    | Found a huge runed gate.
 64944 | Elf:2    | Found a huge runed gate.
 64994 | Elf:2    | Found Gidoutte's Book Boutique.
 65803 | Elf:3    | Entered Level 3 of the Elven Halls
 66045 | Elf:3    | Found Oresaut's Antique Weapon Shoppe.
 66053 | Elf:3    | Bought a jewelled rapier for 288 gold pieces
 66053 | Elf:3    | Identified the cursed +3 rapier of Eternal Vigilance {vamp, *Noise rF+ MR- Int+7} (You bought it in a shop on level 3 of the Elven Halls)
 66569 | Elf:3    | Found Ciamn's Gadget Shop.
 66716 | Elf:3    | Found Panajuz's Magic Scroll Shop.
 67911 | Elf:3    | Reached skill level 5 in Slings
 67948 | Elf:3    | Reached XP level 23. HP: 130/167 MP: 35/35
 68056 | Elf:3    | Got a shimmering jade ring
 68612 | Elf:3    | Identified the ring of Fufeng {rCorr rElec Int+2 Slay+3} (You took it off a deep elf demonologist on level 3 of the Elven Halls)
 68689 | Elf:3    | Identified the Almanac of Moulding and Poison
 68986 | Elf:2    | Bought a manual of Dodging for 1987 gold pieces
 69251 | Depths:1 | Entered Level 1 of the Depths
 69730 | Depths:1 | Found a transporter.
 69740 | Depths:1 | Noticed Ijoqelury's ghost (veteran MiBe)
 69742 | Depths:1 | Found a transporter.
 69840 | Depths:1 | Found a gateway to Hell.
 69912 | Depths:1 | Found a one-way gate to the infinite horrors of the Abyss.
 70136 | Depths:1 | Killed Ijoqelury's ghost
 70136 | Depths:1 | Reached skill level 18 in Invocations
 70147 | Depths:1 | HP: 8/169 [stone giant (40)]
 70463 | Depths:1 | Got a twisted hunting sling
 70464 | Depths:1 | Identified the +5 hunting sling "Nen Kuh" {velocity, MP+9 Dex+3} (You found it on level 1 of the Depths)
 70580 | Depths:2 | Found a gateway to a ziggurat.
 70580 | Depths:2 | Noticed Sojobo
 70753 | Depths:2 | Killed Sojobo
 70964 | Depths:2 | Paralysed by a floating eye for 4 turns
 70966 | Depths:2 | Killed from afar by a tengu reaver

Skill      XL: |  1  2  3  4  5  6  7  8  9 10 11 12 13 14 15 16 17 18 19 20 21 22 23 |
---------------+----------------------------------------------------------------------+-----
Stealth        | 1 2 3 4 6 7 10 11 12 | 12.4
Long Blades    | 3 4 5 6 8 9 11 12 13 14 15 | 15.8
Shields        | 4 5 6 7 8 9 10 11 12 13 15 16 | 16.4
Dodging        | 4 5 6 7 8 9 10 11 12 13 14 15 16 17 | 17.5
Fighting       | 4 5 6 7 8 9 10 11 12 13 14 15 16 17 | 17.3
Invocations    | 2 4 6 7 8 9 11 12 14 15 16 17 18 | 18.1
Short Blades   | 2 3 |  3.4
Transmutations | 4 6 7 8 |  8.8
Air Magic      | 4 |  4.2
Spellcasting   | 3 5 7 8 |  8.1
Earth Magic    | 4 6 7 |  7.5
Slings         | 3 5 6 |  6.8

Action                   |  1- 3 |  4- 6 |  7- 9 | 10-12 | 13-15 | 16-18 | 19-21 | 22-24 || total
-------------------------+-------+-------+-------+-------+-------+-------+-------+-------++-------
Melee: Dagger            |    62 |    48 |   203 |   454 |   243 |   154 |   117 |    59 ||  1340
       Constrict         |    15 |    15 |    64 |    80 |   140 |   155 |   214 |   126 ||   809
       Tentacles         |    11 |    10 |    44 |   204 |   359 |   374 |   496 |   228 ||  1726
       Long sword        |     1 |    14 |    65 |   140 |    65 |       |    31 |     9 ||   325
       Falchion          |       |       |       |   145 |       |       |       |       ||   145
       Scimitar          |       |       |       |       |   895 |   953 |  1254 |   517 ||  3619
 Fire: Hunting sling     |       |       |       |       |       |    49 |    50 |    22 ||   121
Throw: Javelin           |       |       |       |       |     1 |       |       |       ||     1
Invok: Shadow Step       |       |       |       |     4 |     8 |    15 |     7 |    10 ||    44
Evoke: Wand              |       |     7 |    16 |    26 |    26 |    12 |     1 |       ||    88
  Use: Scroll            |     3 |     5 |    15 |     3 |    22 |     6 |     2 |    19 ||    75
       Potion            |       |     1 |     1 |     9 |     5 |     9 |    10 |     5 ||    40
 Stab: Sleeping          |     6 |     6 |    33 |    32 |    77 |    74 |    83 |    42 ||   353
       Distracted        |       |       |       |     3 |    10 |     8 |     3 |     1 ||    25
  Eat: Chunk             |     2 |     4 |    10 |    15 |    34 |    80 |    57 |    58 ||   260
       Ration            |       |     1 |       |     2 |     4 |     2 |       |     1 ||    10
Armor: Skin              |     3 |     2 |    13 |    26 |    54 |    41 |   107 |    24 ||   270
Dodge: Dodged            |    16 |    22 |   101 |   271 |   497 |   420 |   849 |   348 ||  2524
Block: Shield            |    17 |    15 |   140 |   450 |   808 |   750 |  1101 |   235 ||  3516
       Reflection        |       |       |       |       |     2 |    63 |    21 |    32 ||   118
       Other             |       |       |       |       |       |       |     2 |       ||     2
       Large shield      |       |       |       |       |       |       |       |   240 ||   240
       Rpst.: Long sword |       |     2 |     7 |    12 |    10 |       |     1 |       ||    32
       Falchion          |       |       |       |    11 |       |       |       |       ||    11
       Scimitar          |       |       |       |       |    86 |    88 |   165 |    64 ||   403
